 Dungeon Crawl Stone Soup version 0.21.1-1-g345015f (webtiles) character file.

25349 poirepourri the Peltast (level 12, -1/110 HPs)
             Began as a Deep Dwarf Fighter on July 20, 2018.
             Was an Elder of Makhleb.
             Slain by a crocodile (5 damage)
             ... on level 6 of the Lair of Beasts.
             The game lasted 00:15:20 (8355 turns).

poirepourri the Peltast (Deep Dwarf Fighter)        Turns: 8355, Time: 00:15:20

Health: -1/110     AC: 12    Str: 20    XL:     12   Next: 88%
Magic:  0/0        EV: 11    Int: 10    God:    Makhleb [****..]
Gold:   345        SH: 14    Dex: 16    Spells: 11/11 levels left

rFire    + . .     SeeInvis .   a - +3 war axe (flame)
rCold    + . .     Gourm    .   c - +0 shield
rNeg     . . .     Faith    .   s - +2 scale mail {rPois}
rPois    +         Spirit   .   w - +0 helmet
rElec    .         Reflect  .   (no cloak)
rCorr    .         Harm     .   k - +1 pair of gloves {archery}
MR       +....                  (no boots)
Stlth    ..........             (no amulet)
HPRegen  0.00/turn              y - ring of protection from fire
MPRegen  0.07/turn              e - ring of protection from cold

@: non-regenerating
A: damage resistance, heal wounds, sense surroundings 2, no regeneration
a: Heal Wounds, Minor Destruction, Lesser Servant of Makhleb, Major Destruction,
Renounce Religion


You were on level 6 of the Lair of Beasts.
You worshipped Makhleb.
Makhleb was greatly pleased with you.
You were very full.

You visited 3 branches of the dungeon, and saw 18 of its levels.

You collected 600 gold pieces.
You spent 255 gold pieces at shops.

Inventory:

Hand Weapons
 a - a +3 war axe of flaming (weapon)
 g - a +0 flail of protection
 h - a +1 war axe of electrocution
 E - the +9 flail of the Radish {drain, rN+ MR+ Int+4, unknown}
   (You found it on level 5 of the Lair of Beasts)

   A truly terrible weapon, it drains the life of those it strikes.
   It affects your intelligence (+4).
   It protects you from negative energy.
   It affects your resistance to hostile enchantments.
Missiles
 l - 13 javelins (quivered)
 n - 5 throwing nets
 B - 53 bolts
Armour
 c - a +0 shield (worn)
 k - a +1 pair of gloves of archery (worn)
 s - a +2 scale mail of poison resistance (worn)
 w - a +0 helmet (worn)
Jewellery
 b - an uncursed ring of protection from magic
 e - a ring of protection from cold (right hand)
 i - an uncursed ring of ice
 q - an uncursed ring of poison resistance
 x - an uncursed ring of ice
 y - a ring of protection from fire (left hand)
 A - an uncursed amulet of magic regeneration
Wands
 j - a wand of polymorph (12)
 z - a wand of clouds (6)
 D - a wand of iceblast (3)
 F - a wand of enslavement (17)
 I - a wand of disintegration (14)
 K - a wand of random effects (20)
Scrolls
 d - 4 scrolls of remove curse
 m - 2 scrolls of blinking
 o - 4 scrolls of teleportation
 p - 3 scrolls of amnesia
Potions
 r - 3 potions of resistance
 u - 2 potions of lignification
 G - a potion of brilliance
 H - a potion of magic {unknown}
Books
 t - a book of Frost

   Spells                             Type                      Level
   a - Freeze                         Ice                          1
   b - Throw Frost                    Conjuration/Ice              2
   c - Ozocubu's Armour               Charms/Ice                   3
   d - Throw Icicle                   Conjuration/Ice              4
   e - Summon Ice Beast               Ice/Summoning                4
 v - a book of Air

   Spells                             Type                      Level
   a - Shock                          Conjuration/Air              1
   b - Swiftness                      Charms/Air                   2
   c - Static Discharge               Conjuration/Air              3
   d - Airstrike                      Air                          4
   e - Lightning Bolt                 Conjuration/Air              5
Comestibles
 f - 9 rations


   Skills:
 - Level 8.0 Fighting
 + Level 15.1 Axes
 - Level 3.2 Armour
 - Level 2.6 Dodging
 - Level 15.2 Shields


You had 11 spell levels left.
You didn't know any spells.

Dungeon Overview and Level Annotations

Branches:
Dungeon (11/15)            Temple (1/1) D:7            Lair (6/6) D:11
    Orc (0/2) D:10
  Swamp: Lair:2-4    Shoals: Lair:2-4     Snake: Lair:2-4    Spider: Lair:2-4
  Slime: Lair:5-6

Altars:
Cheibriados
Dithmenos
Elyvilon
Fedhas
Gozag
Hepliaklqana
Kikubaaqudgha
Makhleb
Nemelex Xobeh
Okawaru
Qazlal
Ru
Trog
Uskayaw
Vehumet
Wu Jian
Xom
Zin
The Shining One
Beogh

Shops:
D:5 *   D:9 }


Innate Abilities, Weirdness & Mutations

You are resistant to damage.
You can heal yourself by infusing magical energy.
You passively map the area around you.
You do not regenerate.


Message History

Something bites you!
* * * LOW HITPOINT WARNING * * *
A blink frog comes into view.
You miss something. You hit the blink frog. You burn the blink frog.
The blink frog hits you but does no damage.
You barely miss something. You slash the blink frog! You burn the blink frog.
You block the blink frog's attack.
You block something's attack. 2 blink frogs come into view.
That item cannot be evoked!
That item cannot be evoked!
The blink frog croaks.
The blink frog gives a loud, deep croak!
You hit the blink frog. You burn the blink frog.
The blink frog is heavily wounded.
You miss something.
You hear a loud, deep croak!
The blink frog hits you!
* * * LOW HITPOINT WARNING * * *
The blink frog blinks! x2; Something bites you!
You die...

, ,........†....##.. , , ,
......#............P##.. *
, ..........#.#...P.PP.##.
,,......................##
, ..............†........#
, ..................#.....
..................###..$
,,........F...........###
,,,
,......{@...........P..## ,
,, .#....§............†....
*,*#.......................
#...F..#...##..#........ ,
.......#...#P......P.... ,
,.F.§..F....P.P.#...P..## ,
,.F.........PPP.P..P.### *
, , ..................### ,
,, , , .......#


You could see 5 blink frogs.

Vanquished Creatures
  The ghost of Kuinu the Arsonist, a journeyman DrFE of Vehumet (Lair:1)
  The ghost of Tiamon the Eclecticist, a journeyman DECj of Vehumet (Lair:6)
  2 hydras
  Urug (D:11)
  4 two-headed ogres
  Nergalle (D:11)
  The ghost of wilfster70 the Sneak, a novice GnEn of Vehumet (D:6)
  A wolf spider (Lair:6)
  An ugly thing (D:11)
  A guardian serpent (Lair:6)
  2 black mambas (Lair:6)
  Psyche (D:11)
  A gargoyle (D:11)
  5 spiny frogs
  2 komodo dragons (Lair:1)
  2 trolls
  Prince Ribbit (D:7)
  3 hornets (Lair:6)
  4 hippogriffs
  A redback (Lair:6)
  A spriggan (D:7)
  A vampire (D:9)
  5 wyverns
  14 yaks
  The ghost of Greyaxe the Chopper, an amateur DrBe of Ashenzari (D:4)
  A basilisk (D:11)
  A hungry ghost (D:8)
  10 water moccasins
  3 porcupines
  2 sky beasts
  A phantom (D:8)
  A swamp drake (D:8)
  5 ice beasts
  6 orc warriors
  4 ogres
  6 wolves (Lair:1)
  10 centaurs
  10 crocodiles
  A big kobold (D:11)
  7 bullfrogs
  A water moccasin skeleton (D:6)
  4 scorpions
  5 killer bees (D:10)
  3 wights (D:10)
  3 howler monkeys
  A centaur zombie (D:8)
  A bullfrog zombie (D:10)
  4 crimson imps
  8 hounds
  3 jellies
  A quasit (D:7)
  A bullfrog skeleton (D:5)
  8 orc wizards
  A gnoll shaman (D:8)
  7 orc priests
  2 iguanas
  5 worker ants
  A hound zombie (D:11)
  A worker ant zombie (D:5)
  A howler monkey skeleton (D:7)
  10 gnolls
  10 adders
  A shadow imp (D:5)
  2 oozes
  An adder zombie (D:9)
  2 worms
  An adder skeleton (D:4)
  A leopard gecko (D:9)
  34 orcs
  2 bats (D:2)
  2 giant cockroaches (D:4)
  4 goblins
  3 hobgoblins
  14 jackals
  4 quokkas
  A frilled lizard (D:5)
  A jackal zombie (D:6)
  12 kobolds
  5 rats
  A plant (Lair:6)
298 creatures vanquished.

Vanquished Creatures (collateral kills)
  A spiny frog (Lair:6)
  A polar bear (Lair:6)
  2 wyverns (Lair:6)
  2 water moccasins (Lair:6)
  2 plants (Lair:6)
8 creatures vanquished.

Vanquished Creatures (others)
  17 fungi
  15 plants (Lair:6)
32 creatures vanquished.

Grand Total: 338 creatures vanquished

Notes
Turn   | Place    | Note
-------+----------+-------------------------------------------
     0 | D:1      | poirepourri the Deep Dwarf Fighter began the quest for the Orb.
     0 | D:1      | Reached XP level 1. HP: 20/20 MP: 1/1
    58 | D:1      | You fall through a shaft!
    89 | D:2      | Reached XP level 2. HP: 24/27 MP: 2/2
   228 | D:2      | Found a hide-covered altar of Uskayaw.
   234 | D:2      | Found a snail-covered altar of Cheibriados.
   246 | D:2      | Found a glowing golden altar of the Shining One.
   425 | D:2      | Reached XP level 3. HP: 13/33 MP: 3/3
   555 | D:3      | Reached XP level 4. HP: 13/40 MP: 4/4
   606 | D:3      | Reached skill level 5 in Axes
   717 | D:4      | Noticed Greyaxe's ghost (amateur DrBe)
   726 | D:4      | Killed Greyaxe's ghost
   726 | D:4      | Reached XP level 5. HP: 35/46 MP: 5/5
   830 | D:4      | Reached XP level 6. HP: 42/55 MP: 6/6
  1175 | D:5      | Entered Level 5 of the Dungeon
  1287 | D:5      | Found Mackus's General Store.
  1342 | D:5      | Reached XP level 7. HP: 39/62 MP: 7/7
  1562 | D:5      | Found an ornate altar of the Wu Jian Council.
  1737 | D:6      | Noticed wilfster70's ghost (novice GnEn)
  1793 | D:6      | Reached skill level 5 in Fighting
  1817 | D:6      | Killed wilfster70's ghost
  1817 | D:6      | Reached XP level 8. HP: 46/80 MP: 8/8
  1871 | D:6      | HP: 1/80 [orc warrior/short sword (8)]
  2479 | D:6      | Reached skill level 5 in Shields
  2674 | D:7      | Noticed Prince Ribbit
  2683 | D:7      | Gained mutation: You passively map the area around you. [Deep Dwarf growth]
  2683 | D:7      | Reached XP level 9. HP: 87/88 MP: 7/7
  2688 | D:7      | Killed Prince Ribbit
  2995 | D:7      | Found a staircase to the Ecumenical Temple.
  3361 | Temple   | Entered the Ecumenical Temple
  3450 | Temple   | Became a worshipper of Makhleb the Destroyer
  3536 | D:8      | Reached skill level 10 in Shields
  3633 | D:8      | Noticed a two-headed ogre
  3643 | D:8      | Killed a two-headed ogre
  3643 | D:8      | Reached XP level 10. HP: 49/96 MP: 7/7
  3833 | D:8      | Found Ynuobloss's Assorted Antiques.
  3883 | D:8      | Reached * piety under Makhleb
  4454 | D:5      | Bought a scroll of brand weapon for 220 gold pieces
  4454 | D:5      | Bought 16 bolts for 35 gold pieces
  4671 | D:9      | Found a shadowy altar of Dithmenos.
  4863 | D:9      | Noticed a two-headed ogre
  4872 | D:9      | Killed a two-headed ogre
  4904 | D:9      | Found Jepnuga's Gadget Emporium.
  5228 | D:9      | Found an opulent altar of Gozag.
  5263 | D:10     | Entered Level 10 of the Dungeon
  5273 | D:10     | Reached ** piety under Makhleb
  5279 | D:10     | Found a staircase to the Orcish Mines.
  5613 | D:10     | Found a roughly hewn altar of Beogh.
  5636 | D:10     | Reached XP level 11. HP: 35/103 MP: 5/5
  5856 | D:10     | Noticed a two-headed ogre
  5866 | D:10     | Killed a two-headed ogre
  5957 | D:11     | Reached *** piety under Makhleb
  5958 | D:11     | Noticed Urug
  5960 | D:11     | Noticed a two-headed ogre
  5967 | D:11     | Killed a two-headed ogre
  5973 | D:11     | Killed Urug
  5973 | D:11     | Reached skill level 15 in Shields
  6191 | D:11     | Noticed a white ugly thing
  6204 | D:11     | HP: 4/103 [white ugly thing (6)]
  6210 | D:11     | Killed a white ugly thing
  6375 | D:11     | Noticed Nergalle
  6399 | D:11     | Killed Nergalle
  6503 | D:11     | Found a staircase to the Lair.
  6815 | D:11     | Noticed Psyche
  6828 | D:11     | Killed Psyche
  6873 | D:11     | Reached skill level 10 in Axes
  6883 | Lair:1   | Entered Level 1 of the Lair of Beasts
  7099 | Lair:1   | Noticed a five-headed hydra
  7107 | Lair:1   | Killed a one-headed hydra
  7141 | Lair:1   | Noticed Kuinu's ghost (journeyman DrFE)
  7159 | Lair:1   | Killed Kuinu's ghost
  7187 | Lair:1   | HP: 5/103 [komodo dragon (9)]
  7190 | Lair:1   | Reached XP level 12. HP: 16/110 MP: 1/1
  7469 | Lair:2   | Identified a scroll of acquirement
  7640 | Lair:3   | Noticed a five-headed hydra
  7646 | Lair:3   | Killed a three-headed hydra
  7767 | Lair:5   | Got a transparent flail
  7863 | Lair:5   | Reached **** piety under Makhleb
  7932 | Lair:6   | Entered Level 6 of the Lair of Beasts
  7932 | Lair:6   | Noticed Tiamon's ghost (journeyman DECj)
  7956 | Lair:6   | Killed Tiamon's ghost
  8103 | Lair:6   | Paralysed by a hornet for 2 turns
  8113 | Lair:6   | HP: 4/110 [hornet (6)]
  8118 | Lair:6   | HP: 5/110 [black mamba (5)]
  8300 | Lair:6   | Reached skill level 15 in Axes
  8355 | Lair:6   | HP: 4/110 [blink frog (13)]
  8355 | Lair:6   | Slain by a crocodile

Skill      XL: |  1  2  3  4  5  6  7  8  9 10 11 12 |
---------------+-------------------------------------+-----
Axes           | 3 4 6 7 8 11 15 | 15.1
Fighting       | 3 7 8 |  8.0
Shields        | 6 11 14 15 | 15.2
Dodging        | 2 |  2.6
Armour         | |  3.2

Action                   |  1- 3 |  4- 6 |  7- 9 | 10-12 || total
-------------------------+-------+-------+-------+-------++-------
Melee: War axe           |    53 |    71 |   294 |   708 ||  1126
 Abil: Heal Wounds       |       |     2 |    15 |    34 ||    51
Evoke: Wand              |       |       |     5 |     9 ||    14
  Use: Scroll            |     4 |     5 |     8 |    12 ||    29
       Potion            |       |     2 |     1 |     8 ||    11
 Stab: Distracted        |       |       |       |     1 ||     1
  Eat: Ration            |       |     1 |     2 |     7 ||    10
       Chunk             |       |       |     2 |     1 ||     3
Armor: Scale mail        |    54 |    27 |   112 |   255 ||   448
       Skin              |       |       |       |    28 ||    28
Dodge: Dodged            |    29 |    26 |   122 |   260 ||   437
Block: Shield            |    44 |    31 |   163 |   609 ||   847
